 Dungeon Crawl Stone Soup version 0.15.2 (webtiles) character file.

110151 Huymann the Covert (level 16, -32/108 HPs)
             Began as a High Elf Wizard on Feb 27, 2015.
             Was a High Priest of Ashenzari.
             Killed from afar by Asterion (46 damage)
             ... with a bolt of fire
             ... on Level 1 of the Depths.
             The game lasted 06:35:36 (34365 turns).

Huymann the Covert (High Elf Wizard)               Turns: 34365, Time: 06:35:36

HP -32/108       AC 16     Str  8      XL: 16   Next:  6%
MP  37/45        EV 21     Int 25      God: Ashenzari [*****.]
Gold 2608        SH  7     Dex 19      Spells: 14 memorised,  3 levels left

rFire  . . .     SeeInvis +     S - +6 dagger (speed) (curse)
rCold  . . .     Clarity  +     R - +2 leather armour of Jeket {MR++ Int+2}
rNeg   . . .     rCorr    .     x - +0 buckler (curse)
rPois  +         rRot     .     v - +1 hat
rElec  .         Spirit   .     W - +2 cloak {MR+} (curse)
SustAb .         Warding  .     p - +2 pair of gloves (curse)
rMut   +         Stasis   .     n - +2 pair of boots {Stlth+} (curse)
Gourm  .                        k - cursed amulet of resist mutation
MR     ++++.                    C - cursed ring of magical power
                                K - ring of poison resistance

@: studying Long Blades, repel missiles, incredibly resistant to hostile
enchantments, extraordinarily stealthy
A: claws 1, berserk 1, sense surroundings 1
a: Scrying, Transfer Knowledge, Renounce Religion


You were on level 1 of the Depths.
You worshipped Ashenzari.
Ashenzari was extremely pleased with you.
You were not hungry.

You visited 4 branches of the dungeon, and saw 25 of its levels.

You collected 2979 gold pieces.
You spent 371 gold pieces at shops.

Inventory:

Hand weapons
 S - a cursed +6 dagger of speed (weapon)
Missiles
 g - 5 throwing nets
 J - 6 javelins of penetration (quivered)
Armour
 n - a cursed +2 pair of boots of stealth (worn)
 p - a cursed +2 pair of gloves (worn)
 v - a +1 hat (worn)
 x - a cursed +0 buckler (worn)
 R - the cursed +2 leather armour of Jeket (worn) {MR++ Int+2}
   (You found it on level 8 of the Dungeon)

   It affects your intelligence (+2).
   It affects your resistance to hostile enchantments.
   It has a curse placed upon it.
 W - a cursed +2 cloak of magic resistance (worn)
Magical devices
 t - a wand of draining (0)
 w - a wand of paralysis (3)
 z - a wand of cold (3)
 L - a wand of paralysis (18)
Comestibles
 d - 15 bread rations
 h - 25 meat rations
 i - a chunk of human flesh
 T - 3 beef jerkies
Scrolls
 b - a scroll of curse weapon
 m - a scroll of fog
 q - 3 scrolls of blinking
 r - 5 scrolls of amnesia
 A - 2 scrolls of enchant armour
 E - 3 scrolls of remove curse
 F - 5 scrolls of teleportation
 G - 7 scrolls of fear
Jewellery
 f - a cursed ring of teleportation
 k - a cursed amulet of resist mutation (around neck)
 C - a cursed ring of magical power (right hand)
 K - a ring of poison resistance (left hand)
 Q - an uncursed ring of flight
 Y - an uncursed ring of fire
Potions
 e - 3 potions of might
 j - a potion of heal wounds
 l - 6 potions of curing
 D - 4 potions of restore abilities
 H - a potion of berserk rage
 I - a potion of porridge
Books
 a - a book of Power

   Spells                             Type                      Level
   Fulminant Prism                    Conjuration/Hexes            4
   Iskenderun's Mystic Blast          Conjuration                  4
   Venom Bolt                         Conjuration/Poison           5
   Bolt of Magma                      Conjuration/Fire/Earth       5
   Iron Shot                          Conjuration/Earth            6
   Orb of Destruction                 Conjuration                  7
 c - a book of Minor Magic

   Spells                             Type                      Level
   *Magic Dart                        Conjuration                  1
   *Blink                             Translocation                2
   *Call Imp                          Summoning                    2
   *Repel Missiles                    Charms/Air                   2
   Slow                               Hexes                        2
   *Conjure Flame                     Conjuration/Fire             3
   *Mephitic Cloud                    Conjuration/Poison/Air       3
 o - a book of Callings

   Spells                             Type                      Level
   Summon Small Mammal                Summoning                    1
   *Call Imp                          Summoning                    2
   *Call Canine Familiar              Summoning                    3
   Summon Guardian Golem              Hexes/Summoning              4
   Summon Lightning Spire             Summoning/Air                4
   *Summon Ice Beast                  Ice/Summoning                4
 s - a book of Air

   Spells                             Type                      Level
   *Shock                             Conjuration/Air              1
   Swiftness                          Charms/Air                   2
   *Repel Missiles                    Charms/Air                   2
   Flight                             Charms/Air                   3
   Static Discharge                   Conjuration/Air              3
   Lightning Bolt                     Conjuration/Air              5
 u - a book of Frost

   Spells                             Type                      Level
   Freeze                             Ice                          1
   Throw Frost                        Conjuration/Ice              2
   Ozocubu's Armour                   Charms/Ice                   3
   *Throw Icicle                      Conjuration/Ice              4
   *Summon Ice Beast                  Ice/Summoning                4
   Condensation Shield                Ice                          4
 y - a manual of Long Blades
 B - a Necronomicon {highlevel}

   This book is beyond your current level of understanding.

   Spells                             Type                      Level
   Haunt                              Necromancy/Summoning         7
   Borgnjor's Revivification          Necromancy                   8
   Death's Door                       Charms/Necromancy            8
   Necromutation                      Transmutation/Necromancy     8
 M - the Papyrus of Doomed Conjuration
   (You found it on level 3 of the Lair of Beasts)

   Spells                             Type                      Level
   *Sting                             Conjuration/Poison           1
   Corpse Rot                         Necromancy                   2
   Vampiric Draining                  Necromancy                   3
   *Throw Icicle                      Conjuration/Ice              4
   Lightning Bolt                     Conjuration/Air              5
   Agony                              Necromancy                   5
 N - a book of Enchantments

   Spells                             Type                      Level
   Tukima's Dance                     Hexes                        3
   Cause Fear                         Hexes                        4
   Silence                            Hexes/Air                    5
   Deflect Missiles                   Charms/Air                   6
   Haste                              Charms                       6
   Discord                            Hexes                        8
 O - a book of Beasts

   Spells                             Type                      Level
   Summon Butterflies                 Summoning                    1
   *Call Canine Familiar              Summoning                    3
   *Summon Ice Beast                  Ice/Summoning                4
   Summon Mana Viper                  Hexes/Summoning              5
   Monstrous Menagerie                Summoning                    6
   Summon Hydra                       Summoning                    7
 P - a book of Flames

   Spells                             Type                      Level
   *Flame Tongue                      Conjuration/Fire             1
   Throw Flame                        Conjuration/Fire             2
   *Conjure Flame                     Conjuration/Fire             3
   *Inner Flame                       Hexes/Fire                   3
   *Sticky Flame                      Conjuration/Fire             4
   Fireball                           Conjuration/Fire             5
 U - a book of Dreams

   Spells                             Type                      Level
   Ensorcelled Hibernation            Hexes/Ice                    2
   Flight                             Charms/Air                   3
   Phase Shift                        Translocation                5
   Shadow Creatures                   Summoning                    5
   Mass Confusion                     Hexes                        6
   Darkness                           Hexes                        7
 V - a book of Fire

   Spells                             Type                      Level
   Ignite Poison                      Fire/Transmutation           5
   Fireball                           Conjuration/Fire             5
   Bolt of Fire                       Conjuration/Fire             6
   Delayed Fireball                   Conjuration/Fire             7
   Ring of Flames                     Charms/Fire                  7
 X - a book of Hinderance

   Spells                             Type                      Level
   Confusing Touch                    Hexes                        2
   Confuse                            Hexes                        3
   Petrify                            Transmutation/Earth          4
   Leda's Liquefaction                Hexes/Earth                  4
   Metabolic Englaciation             Hexes/Ice                    5
   Summon Mana Viper                  Hexes/Summoning              5
 Z - a book of the Sky

   Spells                             Type                      Level
   Flight                             Charms/Air                   3
   Airstrike                          Air                          4
   Silence                            Hexes/Air                    5
   Deflect Missiles                   Charms/Air                   6
   Conjure Ball Lightning             Conjuration/Air              6
   Tornado                            Air                          9


   Skills:
 * Level 9.0 Fighting
 * Level 10.7(14.4) Short Blades
   Level 1.6 Crossbows
 + Level 3.5 Throwing
 * Level 6.6 Armour
 * Level 9.8(12.3) Dodging
 * Level 14.6(16.9) Stealth
 * Level 6.1(8.9) Shields
 * Level 11.4 Spellcasting
 * Level 11.0(13.4) Conjurations
 * Level 3.5(5.9) Hexes
 * Level 5.9(8.6) Charms
 + Level 3.1(5.4) Summonings
 + Level 3.3(5.7) Translocations
 * Level 4.3(6.8) Fire Magic
 * Level 5.2(7.8) Ice Magic
 + Level 5.0(7.6) Air Magic
 + Level 3.5(5.9) Poison Magic
 * Level 5.7(8.4) Evocations


You had 3 spell levels left.
You knew the following spells:

 Your Spells              Type           Power        Failure   Level  Hunger
a - Magic Dart            Conj           ####         1%          1    None
b - Blink                 Tloc           N/A          1%          2    None
c - Call Imp              Summ           #####...     1%          2    None
d - Mephitic Cloud        Conj/Pois/Air  ######..     1%          3    None
e - Conjure Flame         Conj/Fire      ######..     1%          3    None
f - Repel Missiles        Chrm/Air       ######       1%          2    None
g - Sting                 Conj/Pois      ####         1%          1    None
h - Shock                 Conj/Air       ####         1%          1    None
i - Throw Icicle          Conj/Ice       ######..     1%          4    None
j - Flame Tongue          Conj/Fire      #####        1%          1    None
k - Summon Ice Beast      Ice/Summ       #####...     2%          4    None
l - Sticky Flame          Conj/Fire      ######..     1%          4    None
m - Inner Flame           Hex/Fire       #####...     1%          3    None
n - Call Canine Familiar  Summ           #####...     1%          3    None


Dungeon Overview and Level Annotations

Branches:
Dungeon (15/15)            Temple (1/1) D:5             Orc (0/4) D:11
   Lair (8/8) D:11          Swamp (0/5) Lair:6       Spider (0/5) Lair:5
  Slime (0/6) Lair:8       Vaults (0/5) D:14         Depths (1/5) D:15

Altars:
Ashenzari
Cheibriados
Dithmenos
Elyvilon
Fedhas
Kikubaaqudgha
Makhleb
Nemelex Xobeh
Okawaru
Qazlal
Sif Muna
Trog
Vehumet
Xom
Yredelemnul
Zin
The Shining One
Jiyva

Shops:
D:10 [[:   D:13 *

Portals:
Hell: Lair:8 Depths:1
Ziggurat: Depths:1

Annotations:
D:7 SaintRoka's ghost, experienced DECj
D:15 1 exclusion
Depths:1 Asterion


Innate Abilities, Weirdness & Mutations

You have sharp fingernails.
You tend to lose your temper in combat.
You passively map a small area around you.


Message History

Asterion closely misses you.
Asterion burns!
Asterion is engulfed in roaring flames.
Asterion chants a prayer to Makhleb.
Asterion hits you with a vampiric demon blade!!
* * * LOW HITPOINT WARNING * * *
Asterion draws strength from your injuries!
Asterion barely misses you.
Asterion burns!
The spectral weapon is engulfed in roaring flames.
The stone giant is engulfed in roaring flames.
Asterion chants a prayer to Makhleb.
Asterion burns!
The stone giant is engulfed in roaring flames.
Asterion burns!
Asterion stops burning.
The yaktaur is engulfed in roaring flames.
The stone giant is engulfed in roaring flames.
Asterion misses you. You block Asterion's attack.
Asterion conjures a destructive force in the name of Makhleb!
The bolt of fire hits you!
You die...

#...##
#.....(.......#
###..#
######c########
##.# #ยง# #.#
#C# #####'##
#.# .......#
#(# .......#
#H# .......#
#.# .......#
#@# ####+###
#.# , #.# * #.#
* ##.# , #..# *
** #.## , * #.#
* , #.#


You could see Asterion, a stone giant, a yaktaur and a spectral vampiric demon
blade.

Vanquished Creatures
  Nikola (Depths:1)
  A storm dragon (D:14)
  An emperor scorpion (D:15)
  4 stone giants
  3 dire elephants
  A fire dragon (D:13)
  An ettin (D:15)
  Harold (Lair:4)
  A rakshasa (Depths:1)
  A great orb of eyes (Depths:1)
  8 hydras
  7 death yaks
  8 centaur warriors
  2 ogre magi
  2 deep troll shamans (Depths:1)
  3 tengu warriors
  A hell knight (D:15)
  Nergalle (Lair:6)
  An iron troll (Depths:1)
  2 deep elf knights
  5 unseen horrors
  2 deep trolls (Depths:1)
  4 wizards
  6 hill giants
  Pikel (D:6)
  A necromancer (D:14)
  A flayed ghost (D:14)
  A lindwurm (Lair:8)
  3 ugly things
  A salamander (shapeshifter) (D:15)
  4 manticores
  5 cyclopes
  A hell beast (Lair:8)
  3 griffons
  A manticore (shapeshifter) (D:14)
  20 elephants
  Maurice (D:9)
  7 black mambas
  A gargoyle (D:15)
  11 spiny frogs
  5 orange demons (Lair:8)
  A torpor snail (Depths:1)
  2 centaur skeletons
  3 kobold demonologists
  4 yaktaurs
  A redback zombie (D:15)
  A yaktaur zombie (D:13)
  2 fire drakes
  8 komodo dragons
  A tengu conjurer (D:15)
  A hellwing (Lair:8)
  3 blue devils (Lair:8)
  An efreet (D:15)
  A steam dragon (D:6)
  2 polar bears
  A red devil (Lair:8)
  8 trolls
  A queen bee (shapeshifter) (D:13)
  12 blink frogs
  2 boulder beetles
  A raven (shapeshifter) (D:13)
  4 ravens (D:15)
  A trapdoor spider zombie (D:13)
  10 slime creatures
  2 trapdoor spiders (D:13)
  5 basilisks
  A shadow (D:13)
  2 wraiths
  A vampire (D:13)
  11 vampire mosquitoes
  A hog (shapeshifter) (D:15)
  6 wyverns
  2 golden eyes (shapeshifter) (D:14)
  11 hippogriffs
  A human (shapeshifter) (D:15)
  5 hungry ghosts
  A deep elf mage (D:13)
  16 yaks
  32 wolves
  A hell hound (Lair:8)
  13 porcupines
  4 ice beasts
  A mottled dragon (D:15)
  10 orc warriors
  14 water moccasins
  A black bear (D:4)
  3 sky beasts
  15 centaurs
  2 ogres
  2 boring beetles
  A yellow wasp (D:7)
  14 crocodiles
  6 necrophages
  A gnoll sergeant (D:12)
  7 big kobolds
  24 giant frogs
  A komodo dragon skeleton (D:13)
  A tengu simulacrum (D:15)
  2 scorpions
  A cyclops skeleton (D:14)
  21 killer bees
  An electric eel (D:11)
  A tengu zombie (D:15)
  17 wights
  A hippogriff skeleton (D:13)
  5 jellies
  7 orc priests
  6 crimson imps
  13 hounds
  3 goliath beetles
  2 quasits
  A two-headed ogre zombie (D:9)
  9 iguanas
  13 orc wizards
  8 sheep
  14 worker ants
  A mottled dragon zombie (D:12)
  A sky beast zombie (D:12)
  A hound skeleton (D:11)
  2 mummies
  49 green rats
  4 gnolls (D:12)
  A white imp (Lair:3)
  26 adders
  An inept feature mimic (D:6)
  2 giant mites (Lair:5)
  3 shadow imps
  3 worms (Lair:5)
  A gnoll skeleton (D:5)
  An ooze (D:3)
  44 orcs
  A ball python (D:5)
  13 bats
  15 goblins
  17 hobgoblins
  9 jackals
  11 quokkas
  5 giant cockroaches
  4 giant geckos
  5 giant newts
  2 giant spores
  A hobgoblin skeleton (D:8)
  36 kobolds
  A kobold skeleton (D:4)
  An orc zombie (D:5)
  17 rats
  5 ballistomycetes
  A butterfly (D:5)
832 creatures vanquished.

Vanquished Creatures (collateral kills)
  A rakshasa (Depths:1)
  Grinder (D:3)
  A blink frog (Lair:3)
  A slime creature (D:13)
  3 water moccasins (Lair:2)
  2 centaurs (D:11)
  A sky beast (D:15)
  A manticore skeleton (D:11)
  A giant frog (D:11)
  5 killer bees
  An electric eel (Lair:6)
  2 crimson imps (D:11)
  3 orc priests
  3 hounds
  4 sheep (Lair:6)
  2 green rats (Lair:2)
  3 adders
  A shadow imp (D:10)
  A giant mite (D:2)
  6 orcs
  A hobgoblin (D:8)
  6 jackals
  4 quokkas
  2 giant geckos
56 creatures vanquished.

Vanquished Creatures (others)
  An emperor scorpion (Depths:1)
  A blue devil (D:14)
  A giant leech (shapeshifter) (Depths:1)
  A water elemental (D:14)
  3 ice beasts
  A wolf (Depths:1)
  A slave (D:6)
  A killer bee (D:8)
  12 crimson imps
  An iron imp (Lair:3)
  A sheep (Lair:6)
  2 hounds (Depths:1)
  4 shadow imps
  5 white imps
  A goblin (D:6)
  A giant newt (D:3)
  2 giant spores
  A ballistomycete (D:11)
  4 fungi
  2 plants
46 creatures vanquished.

Grand Total: 934 creatures vanquished

Notes
Turn   | Place    | Note
--------------------------------------------------------------
     0 | D:1      | Huymann, the High Elf Wizard, began the quest for the Orb.
     0 | D:1      | Reached XP level 1. HP: 11/11 MP: 5/5
   546 | D:1      | Reached XP level 2. HP: 17/17 MP: 4/7
   578 | D:1      | Learned a level 2 spell: Blink
   581 | D:1      | Learned a level 2 spell: Call Imp
   862 | D:1      | Reached skill level 4 in Spellcasting
  1198 | D:2      | Reached XP level 3. HP: 17/21 MP: 9/11
  1335 | D:2      | Learned a level 3 spell: Mephitic Cloud
  2285 | D:3      | Reached XP level 4. HP: 14/27 MP: 0/14
  2398 | D:3      | Learned a level 3 spell: Conjure Flame
  2430 | D:3      | Noticed an orc warrior
  2481 | D:3      | Noticed Grinder
  2498 | D:3      | Killed Grinder
  2498 | D:3      | Reached skill level 1 in Fighting
  2498 | D:3      | Reached skill level 1 in Short Blades
  2498 | D:3      | Reached skill level 5 in Spellcasting
  2498 | D:3      | Reached skill level 1 in Summonings
  2498 | D:3      | Reached XP level 5. HP: 29/33 MP: 2/18
  2498 | D:3      | Reached XP level 6. HP: 33/38 MP: 2/20
  2777 | D:3      | Noticed a giant frog
  2782 | D:3      | Killed a giant frog
  2782 | D:3      | Reached skill level 1 in Throwing
  3175 | D:3      | Killed an orc warrior
  3196 | D:3      | Noticed a necrophage
  3509 | D:3      | Killed a necrophage
  3509 | D:3      | Reached XP level 7. HP: 42/45 MP: 13/22
  4439 | D:4      | Reached skill level 1 in Air Magic
  4767 | D:5      | Entered Level 5 of the Dungeon
  5260 | D:5      | Reached XP level 8. HP: 40/52 MP: 17/23
  5645 | D:5      | Reached skill level 6 in Spellcasting
  5816 | D:5      | Found a staircase to the Ecumenical Temple.
  5824 | Temple   | Entered the Ecumenical Temple
  5858 | Temple   | Became a worshipper of Ashenzari the Shackled
  6085 | D:5      | Reached skill level 5 in Stealth
  6412 | D:6      | Found a glowing silver altar of Zin.
  6429 | D:6      | Noticed Pikel
  6502 | D:6      | Killed Pikel
  6749 | D:6      | Found a shadowy altar of Dithmenos.
  6775 | D:6      | Reached XP level 9. HP: 55/58 MP: 26/26
  6940 | D:6      | Found Stonoosh's Assorted Antiques.
  7011 | D:6      | Stonoosh's Assorted Antiques was a mimic.
  7019 | D:6      | Reached skill level 5 in Conjurations
  7148 | D:6      | Reached skill level 7 in Spellcasting
  7149 | D:6      | Reached skill level 1 in Poison Magic
  7816 | D:7      | Reached skill level 5 in Short Blades
  8298 | D:7      | Noticed SaintRoka's ghost (experienced DECj)
  8330 | D:8      | Reached skill level 5 in Fighting
  8443 | D:8      | Identified the +2 leather armour of Jeket {MR++ Int+2}
  9065 | D:8      | Reached skill level 5 in Dodging
  9364 | D:8      | Reached skill level 8 in Stealth
  9426 | D:8      | Reached XP level 10. HP: 66/66 MP: 26/28
  9641 | D:9      | Noticed Maurice
  9671 | D:9      | Killed Maurice
  9927 | D:9      | Reached skill level 1 in Fire Magic
 10045 | D:9      | Reached skill level 1 in Crossbows
 10840 | D:10     | Entered Level 10 of the Dungeon
 10925 | D:10     | Noticed a hill giant
 11026 | D:10     | Killed a hill giant
 11275 | D:10     | Found Ywyism's Armour Emporium.
 11526 | D:10     | Reached skill level 1 in Shields
 11713 | D:10     | Found Skatruri's Antique Armour Boutique.
 11722 | D:10     | Bought a pair of embroidered boots for 112 gold pieces
 11862 | D:10     | Found Byatinae's Book Emporium.
 11873 | D:10     | Reached skill level 9 in Stealth
 12244 | D:11     | Reached skill level 1 in Armour
 12434 | D:11     | Reached XP level 11. HP: 36/72 MP: 16/29
 12521 | D:11     | Killed an unseen horror
 13055 | D:12     | Acquired Ashenzari's first power
 13089 | D:12     | Learned a level 2 spell: Repel Missiles
 13473 | D:12     | Noticed a hill giant
 13527 | D:12     | Killed a hill giant
 13834 | D:12     | Found a glowing golden altar of the Shining One.
 14167 | D:11     | Found a bloodstained altar of Trog.
 14256 | D:11     | Reached skill level 10 in Stealth
 14521 | D:11     | Gained mutation: You have sharp fingernails. [potion of mutation]
 14521 | D:11     | Gained mutation: You passively map a small area around you. [potion of mutation]
 14521 | D:11     | Gained mutation: You tend to lose your temper in combat. [potion of mutation]
 14539 | D:11     | Found a staircase to the Orcish Mines.
 14543 | D:11     | Found a staircase to the Lair.
 15263 | Lair:1   | Entered Level 1 of the Lair of Beasts
 15432 | Lair:1   | Noticed an eight-headed hydra
 15439 | Lair:1   | Killed an eight-headed hydra
 16047 | Lair:2   | Acquired Ashenzari's second power
 16357 | Lair:2   | Reached XP level 12. HP: 72/80 MP: 31/31
 17373 | Lair:3   | Reached skill level 11 in Stealth
 17419 | Lair:3   | Identified the Papyrus of Doomed Conjuration (You found it on level 3 of the Lair of Beasts)
 18029 | Lair:3   | HP: 3/81 [black mamba (2)]
 19230 | Lair:4   | Acquired Ashenzari's third power
 19258 | Lair:4   | Reached skill level 1 in Evocations
 19262 | Lair:4   | Learned a level 1 spell: Sting
 19264 | Lair:4   | Learned a level 1 spell: Shock
 19269 | Lair:4   | Learned a level 4 spell: Throw Icicle
 19286 | Lair:4   | Noticed Harold
 19302 | Lair:4   | Killed Harold
 19522 | Lair:4   | Reached skill level 12 in Stealth
 19982 | Lair:4   | Reached XP level 13. HP: 84/86 MP: 32/32
 21062 | Lair:5   | Identified the +1 ring mail of Activism {Contam +Blink +Fly rC++ rN+ MR+ Dex-3}
 21146 | Lair:5   | Found a hole to the Spider Nest.
 21576 | Lair:5   | Learned a level 1 spell: Flame Tongue
 21715 | Lair:5   | Reached skill level 5 in Armour
 21899 | Lair:5   | Reached skill level 1 in Ice Magic
 22629 | Lair:6   | Noticed Nergalle
 22638 | Lair:6   | Found a staircase to the Swamp.
 22650 | Lair:6   | Killed Nergalle
 23396 | Lair:7   | Reached skill level 1 in Charms
 23448 | Lair:7   | Acquired Ashenzari's fourth power
 23565 | Lair:7   | Reached skill level 13 in Stealth
 23965 | Lair:8   | Entered Level 8 of the Lair of Beasts
 24127 | Lair:8   | Learned a level 4 spell: Summon Ice Beast
 24156 | Lair:8   | Found a viscous altar of Jiyva.
 24302 | Lair:8   | Noticed a dire elephant
 24305 | Lair:8   | Killed a dire elephant
 24381 | Lair:8   | Found a staircase to the Slime Pits.
 24636 | Lair:8   | Reached XP level 14. HP: 94/94 MP: 30/33
 24741 | Lair:8   | Reached skill level 5 in Shields
 25091 | Lair:8   | Learned a level 4 spell: Sticky Flame
 25095 | Lair:8   | Learned a level 3 spell: Inner Flame
 25555 | Lair:8   | Found a burning altar of Makhleb.
 26083 | Lair:8   | Reached skill level 1 in Hexes
 26178 | Lair:8   | Found a gateway to Hell.
 26187 | Lair:8   | Identified a cursed +3 rod of the swarm (12/12)
 26302 | Lair:8   | Reached skill level 10 in Spellcasting
 27057 | D:13     | Noticed a hill giant
 27083 | D:13     | Found Kunaum's General Store.
 27112 | D:13     | Killed a hill giant
 27154 | D:13     | Bought 6 javelins of penetration for 259 gold pieces
 27246 | D:13     | Noticed a seven-headed hydra
 27253 | D:13     | Killed a seven-headed hydra
 27767 | D:13     | Noticed a fire dragon
 27768 | D:13     | Noticed a tengu warrior
 27771 | D:13     | Noticed an ogre mage
 27780 | D:13     | Reached skill level 10 in Short Blades
 27787 | D:13     | Killed a fire dragon
 27792 | D:13     | Killed an ogre mage
 27806 | D:13     | Killed a tengu warrior
 28703 | D:13     | Reached skill level 10 in Conjurations
 29122 | D:14     | Found a gate to the Vaults.
 29332 | D:14     | Reached skill level 5 in Evocations
 29345 | D:14     | Reached XP level 15. HP: 58/100 MP: 30/35
 29536 | D:14     | Noticed a storm dragon
 29544 | D:14     | Killed a storm dragon
 29865 | D:14     | Reached skill level 14 in Stealth
 30942 | D:15     | Entered Level 15 of the Dungeon
 31247 | D:15     | Reached skill level 5 in Charms
 31292 | D:15     | Found a staircase to the Depths.
 31543 | D:15     | Learned a level 3 spell: Call Canine Familiar
 32482 | Depths:1 | Entered Level 1 of the Depths
 33078 | Depths:1 | Reached skill level 5 in Air Magic
 33280 | Depths:1 | Reached skill level 5 in Ice Magic
 34243 | Depths:1 | Found a gateway to a ziggurat.
 34296 | Depths:1 | Noticed Nikola
 34302 | Depths:1 | Killed Nikola
 34302 | Depths:1 | Reached XP level 16. HP: 108/108 MP: 36/36
 34351 | Depths:1 | Noticed Asterion
 34358 | Depths:1 | Noticed a spectral weapon
 34365 | Depths:1 | Killed from afar by Asterion

Action                   |  1- 3 |  4- 6 |  7- 9 | 10-12 | 13-15 | 16-18 || total
-------------------------+-------+-------+-------+-------+-------+-------++-------
Melee: Dagger            |    54 |    13 |   424 |  1041 |  1039 |     2 ||  2573
 Fire: Hand crossbow     |       |       |     1 |    53 |       |       ||    54
       Blowgun           |       |       |       |    18 |       |       ||    18
Throw: Javelin           |       |     2 |    25 |    60 |    21 |       ||   108
       Throwing net      |       |       |       |     2 |     8 |       ||    10
 Cast: Magic Dart        |    66 |    31 |   133 |    84 |    22 |       ||   336
       Call Imp          |     9 |     6 |    18 |    48 |    12 |       ||    93
       Mephitic Cloud    |     1 |     3 |    60 |   145 |   143 |     1 ||   353
       Conjure Flame     |       |     3 |    16 |    42 |    64 |     2 ||   127
       Blink             |       |       |    11 |    25 |    28 |       ||    64
       Repel Missiles    |       |       |       |     1 |     1 |       ||     2
       Shock             |       |       |       |     5 |     7 |       ||    12
       Throw Icicle      |       |       |       |     2 |   154 |       ||   156
       Sting             |       |       |       |     1 |    53 |       ||    54
       Flame Tongue      |       |       |       |       |    71 |       ||    71
       Sticky Flame      |       |       |       |       |    54 |     1 ||    55
       Inner Flame       |       |       |       |       |     8 |       ||     8
       Summon Ice Beast  |       |       |       |       |     7 |       ||     7
       Call Canine Famil |       |       |       |       |     5 |       ||     5
Evoke: Wand              |       |       |       |    20 |    21 |       ||    41
  Use: Scroll            |     4 |       |     8 |    22 |    13 |       ||    47
       Potion            |       |       |       |     8 |     3 |       ||    11
 Stab: Sleeping          |     2 |     1 |    12 |    34 |    55 |       ||   104
       Distracted        |       |       |     4 |     5 |     6 |       ||    15
       Confused          |       |       |    36 |   108 |   143 |     1 ||   288
       Paralysed         |       |       |       |     2 |     3 |       ||     5
       Fleeing           |       |       |       |       |     1 |       ||     1
  Eat: Chunk             |     4 |     3 |    17 |    27 |    39 |       ||    90
       Fruit             |       |     2 |     3 |     4 |       |       ||     9
       Pizza             |       |       |       |     2 |     2 |     1 ||     5
       Beef jerky        |       |       |       |       |     3 |       ||     3
